 Dungeon Sprint DCSS version 0.23.2-33-g5129a83184 (webtiles) character file.

Game seed: 726879336394939826

249 Jannitor the Charlatan (level 5, -11/46 HPs)
             Began as a Demonspawn Artificer on June 30, 2019.
             Was a Follower of Uskayaw.
             Mangled by a flayed ghost (21 damage)
             ... in the Dungeon (Sprint VII: "The Pits").
             The game lasted 00:02:29 (967 turns).

Jannitor the Charlatan (Demonspawn Artificer)        Turns: 967, Time: 00:02:30

Health: -11/46     AC:  9    Str: 14    XL:     5   Next: 86%
Magic:  9/9        EV: 13    Int: 12    God:    Uskayaw [*.....]
Gold:   0          SH:  0    Dex: 13    Spells: 4/4 levels left

rFire    . . .     SeeInvis .   t - +1 dagger (venom)
rCold    . . .     Gourm    .   (no shield)
rNeg     . . .     Faith    .   u - +3 scale mail
rPois    .         Spirit   .   (no helmet)
rElec    .         Reflect  .   (no cloak)
rCorr    .         Harm     .   (no gloves)
MR       .....     NoTele   +   (no boots)
Stlth    ++........             (no amulet)
HPRegen  0.15/turn              (no ring)
MPRegen  0.11/turn              (no ring)

@: very slightly contaminated, slowed, invisible, very slow
A: repulsion field 1, spiny 1
a: Stomp, Renounce Religion


You were in the Dungeon.
You worshipped Uskayaw.
Uskayaw was noncommittal.
You were not hungry.

You visited 1 branch

Inventory:

Hand Weapons
 a - a +0 short sword
 k - a +2 dagger
 t - a +1 dagger of venom (weapon)
Armour
 b - a +0 leather armour
 u - a +3 scale mail (worn)
Wands
 c - a wand of flame (15)
 d - a wand of enslavement (14)
 e - a wand of random effects (15)
Scrolls
 l - a scroll of blinking
 o - 3 scrolls of remove curse
 p - 5 scrolls of amnesia
 q - a scroll of summoning
 r - 2 scrolls of vulnerability
Potions
 g - 6 potions of curing
 i - a potion of haste
 j - 4 potions of magic
 n - a potion of invisibility
 s - 5 potions of heal wounds
Comestibles
 f - 9 rations


   Skills:
 + Level 5.6 Fighting
 + Level 2.7 Short Blades
 + Level 2.5 Armour
 - Level 4.6 Dodging
 + Level 5.6 Stealth
 + Level 3.9 Invocations
 + Level 6.4 Evocations


You had 4 spell levels left.
You didn't know any spells.
Your spell library was empty.

Dungeon Overview and Level Annotations

Branches:
Dungeon (1/1)

Altars:
Ashenzari
Cheibriados
Dithmenos
Elyvilon
Fedhas
Gozag
Hepliaklqana
Kikubaaqudgha
Makhleb
Nemelex Xobeh
Okawaru
Qazlal
Ru
Sif Muna
Trog
Uskayaw
Vehumet
Wu Jian
Xom
Yredelemnul
Zin
The Shining One
Beogh
Jiyva
Lugonu


Innate Abilities, Weirdness & Mutations

You are surrounded by a mild repulsion field. (EV +2)
You are partially covered in sharp spines.


Message History

You are very lightly contaminated with residual magic.
You hit the jackal but do no damage.
The jackal is poisoned.
The jackal is severely wounded.
The jackal is struck by your spines.
You kill the jackal!
The hornet misses you. The hornet stings you!
You feel yourself slow down.
There is an open door to the Entrance Hall (Safe), spattered with blood here.
You see here a jackal corpse.
You completely miss the hornet. The flayed ghost closely misses you.
The hornet closely misses you.
You closely miss the hornet.
You feel yourself speed up. The hornet closely misses you.
The hornet stings you!
You feel yourself slow down.
You barely miss the hornet. The hornet is struck by your spines.
The hornet closely misses you. The hornet stings you!
* * * LOW HITPOINT WARNING * * *
You feel as though you will be slow longer.
The flayed ghost hits you!!
You die...

#_________.#
#_______...###########++######
##########'##................#
#..(.')))'.##......#..#......#
##########.##................+
#...........'................+
#'#####'#####......#..#......#
#.#..#..#..##...yW...........#
#.#..+..'.)#####@#####''######
#)##'####'###.......##'y#####
#)#........##.......##......#
#.#........##.......##......#
#.#####'#####...<...###W...##
#.#...)))..##.......# ##''##
#.#...).)[.##.......# ....#
#'###########.......# ......#
#......r# ##########W.....+


You could see a flayed ghost and a hornet.

Vanquished Creatures
  An ice beast (D)
  2 wights (D)
  A quasit (D)
  2 river rats (D)
  An ufetubus (D)
  A leopard gecko (D)
  3 giant cockroaches (D)
  2 jackals (D)
  A ball python skeleton (D)
  A goblin (D)
15 creatures vanquished.

Vanquished Creatures (collateral kills)
  An iguana (D)
1 creature vanquished.

Vanquished Creatures (others)
  A reaper (D)
  A blizzard demon (D)
  A green death (D)
  A wight (D)
4 creatures vanquished.

Grand Total: 20 creatures vanquished

Notes
Turn   | Place    | Note
-------+----------+-------------------------------------------
     0 | D        | Jannitor the Demonspawn Artificer began the quest for the
                  | Orb.
     0 | D        | Reached XP level 1. HP: 15/15 MP: 3/3
    16 | D        | Gained mutation: You are partially covered in sharp spines.
                  | [demonic ancestry]
    16 | D        | Reached XP level 2. HP: 3/22 MP: 4/4
   184 | D        | Killed a green death
   305 | D        | Found a glowing golden altar of the Shining One.
   305 | D        | Found a glowing silver altar of Zin.
   305 | D        | Found a basalt altar of Yredelemnul.
   305 | D        | Found a shimmering altar of Xom.
   305 | D        | Found an ornate altar of the Wu Jian Council.
   305 | D        | Found a bloodstained altar of Trog.
   305 | D        | Found a deep blue altar of Sif Muna.
   305 | D        | Found a sacrificial altar of Ru.
   305 | D        | Found a stormy altar of Qazlal.
   305 | D        | Found an iron altar of Okawaru.
   305 | D        | Found a sparkling altar of Nemelex Xobeh.
   305 | D        | Found a burning altar of Makhleb.
   305 | D        | Found a viscous altar of Jiyva.
   305 | D        | Found a hazy altar of Hepliaklqana.
   305 | D        | Found an opulent altar of Gozag.
   305 | D        | Found a blossoming altar of Fedhas.
   305 | D        | Found a white marble altar of Elyvilon.
   305 | D        | Found a shadowy altar of Dithmenos.
   305 | D        | Found a snail-covered altar of Cheibriados.
   306 | D        | Found a radiant altar of Vehumet.
   306 | D        | Found a corrupted altar of Lugonu.
   306 | D        | Found a roughly hewn altar of Beogh.
   307 | D        | Found a hide-covered altar of Uskayaw.
   307 | D        | Found an ancient bone altar of Kikubaaqudgha.
   307 | D        | Found a shattered altar of Ashenzari.
   315 | D        | Became a worshipper of Uskayaw the Reveler
   358 | D        | Reached * piety under Uskayaw
   362 | D        | Noticed an ice beast
   364 | D        | Reached ** piety under Uskayaw
   370 | D        | Reached *** piety under Uskayaw
   371 | D        | Reached skill level 4 in Evocations
   374 | D        | Reached **** piety under Uskayaw
   377 | D        | Killed an ice beast
   377 | D        | Reached skill level 5 in Evocations
   377 | D        | Reached XP level 3. HP: 5/31 MP: 5/7
   377 | D        | Gained mutation: You are surrounded by a mild repulsion
                  | field. (EV +2) [demonic ancestry]
   377 | D        | Reached XP level 4. HP: 7/38 MP: 5/8
   447 | D        | Killed a reaper
   499 | D        | Killed a blizzard demon
   652 | D        | Reached skill level 1 in Invocations
   714 | D        | Noticed a porcupine
   727 | D        | Reached skill level 1 in Short Blades
   745 | D        | Reached skill level 5 in Fighting
   745 | D        | Reached skill level 1 in Armour
   745 | D        | Reached skill level 5 in Stealth
   745 | D        | Reached XP level 5. HP: 31/44 MP: 9/9
   749 | D        | Reached skill level 6 in Evocations
   950 | D        | Noticed a flayed ghost
   950 | D        | Noticed a hornet
   967 | D        | Mangled by a flayed ghost

Skill      XL: |  1  2  3  4  5 |
---------------+----------------+-----
Fighting       | 2 4 5 |  5.6
Dodging        | 2 4 |  4.6
Stealth        | 2 4 5 |  5.6
Evocations     | 5 6 |  6.4
Invocations    | 2 3 |  3.9
Short Blades   | 1 2 |  2.7
Armour         | 1 2 |  2.5

Action                   |  1- 3 |  4- 6 || total
-------------------------+-------+-------++-------
Melee: Short sword       |     6 |       ||     6
       Dagger            |    14 |    24 ||    38
Evoke: Wand              |       |     1 ||     1
  Use: Potion            |     3 |     2 ||     5
 Stab: Sleeping          |     2 |     2 ||     4
       Paralysed         |       |     1 ||     1
Armor: Leather armour    |     6 |       ||     6
       Scale mail        |       |     9 ||     9
Dodge: Dodged            |    12 |    21 ||    33
